 Dungeon Crawl Stone Soup version 0.29.1-15-g9cfb28693d (webtiles) character file.

Game seed: 10875829684701852982

1398 386 the Shield-Bearer (level 8, 0/67 HPs)
             Began as a Gnoll Fighter on Mar 26, 2023.
             Slain by a water moccasin (4 damage)
             ... on level 6 of the Dungeon.
             The game lasted 00:11:54 (5780 turns).

386 the Shield-Bearer (Gnoll Fighter)               Turns: 5780, Time: 00:11:54

Health: 0/67       AC:  8    Str: 19    XL:     8   Next: 69%
Magic:  13/13      EV: 14    Int:  7    God:
Gold:   354        SH:  5    Dex:  8    Spells: 14/14 levels left

rFire   . . .      SeeInvis +   a - +0 trident
rCold   + . .      Faith    .   c - +0 buckler
rNeg    . . .      Spirit   .   b - +0 scale mail
rPois   .          Reflect  .   (no helmet)
rElec   +          Harm     .   (no cloak)
rCorr   .          Rampage  .   (no gloves)
Will    .....                   (no boots)
Stlth   +.........              (no amulet)
HPRegen 0.21/turn               e - ring of see invisible
MPRegen 0.13/turn               n - ring "Hisinn" {rElec rC+ EV+4 Dex-3}

@: no status effects
A: fangs 1, strong nose, distributed training
a: no special abilities


You were on level 6 of the Dungeon.
You visited 2 branches of the dungeon, and saw 7 of its levels.

You collected 354 gold pieces.

Inventory:

Hand Weapons
 a - a +0 trident (weapon)
Armour
 b - a +0 scale mail (worn)
 c - a +0 buckler (worn)
Jewellery
 e - a ring of see invisible (left hand)
 n - the ring "Hisinn" (right hand) {rElec rC+ EV+4 Dex-3}
   (You found it on level 2 of the Dungeon)

   [ring of evasion]

   EV:        It affects your evasion (+4).
   Dex:       It affects your dexterity (-3).
   rC:        It protects you from cold.
   rElec:     It insulates you from electricity.
 t - a ring of positive energy
 x - an amulet of regeneration
 y - a +6 ring of intelligence
Wands
 m - a wand of flame (11) (quivered)
 s - a wand of mindburst (16)
Scrolls
 f - a scroll of vulnerability {unknown}
 g - a scroll of identify
 j - 5 scrolls of enchant weapon
 k - 2 scrolls of silence
 o - 4 scrolls of teleportation
 q - 2 scrolls of blinking {unknown}
 r - a scroll of amnesia {unknown}
 u - a scroll of magic mapping {unknown}
 v - a scroll of fear {unknown}
 w - a scroll of immolation {unknown}
Potions
 d - a potion of might
 h - 4 potions of degeneration {unknown}
 i - a potion of curing {unknown}
 l - 2 potions of resistance
 p - a potion of brilliance {unknown}
 z - a potion of cancellation {unknown}
 A - a potion of mutation {unknown}


   Skills:
 + Level 7.5 Fighting
 + Level 3.6 Short Blades
 + Level 3.6 Long Blades
 + Level 3.6 Axes
 + Level 3.6 Maces & Flails
 + Level 5.9 Polearms
 + Level 3.6 Staves
 + Level 3.6 Ranged Weapons
 + Level 3.6 Throwing
 + Level 7.5 Armour
 + Level 3.6 Dodging
 + Level 3.6 Stealth
 + Level 7.5 Shields
 + Level 3.6 Unarmed Combat
 + Level 3.6 Spellcasting
 + Level 3.0 Conjurations
 + Level 3.0 Hexes
 + Level 3.0 Summonings
 + Level 3.0 Necromancy
 + Level 3.0 Translocations
 + Level 3.0 Transmutations
 + Level 3.0 Fire Magic
 + Level 3.0 Ice Magic
 + Level 3.0 Air Magic
 + Level 3.0 Earth Magic
 + Level 3.0 Poison Magic
 + Level 4.0 Invocations
 + Level 3.6 Evocations


You had 14 spell levels left.
You didn't know any spells.
Your spell library contained the following spells:

 Spells                   Type           Power      Damage    Failure   Level
 Summon Small Mammal      Summ           20%        N/A       30%         1
 Call Canine Familiar     Summ           5%         N/A       67%         3
 Conjure Flame            Conj/Fire      5%         6-21      67%         3
 Ignite Poison            Fire/Tmut/Pois 5%         N/A       67%         3
 Summon Guardian Golem    Hex/Summ       5%         N/A       67%         3
 Anguish                  Hex/Necr       2%         N/A       97%         4
 Sticky Flame             Conj/Fire      5%         2d3       97%         4
 Enfeeble                 Hex            2%         N/A       100%        7


Dungeon Overview and Level Annotations

Branches:
Dungeon (6/15)             Temple (1/1) D:5

Altars:
Ashenzari
Cheibriados
Elyvilon
Fedhas
Gozag
Kikubaaqudgha
Nemelex Xobeh
Okawaru
Ru
Sif Muna
Trog
Vehumet
Wu Jian
Yredelemnul
The Shining One
Lugonu

Portals:
Abyss: D:6

Annotations:
D:3 Dowan, Duvessa


Innate Abilities, Weirdness & Mutations

You have very sharp teeth.
Your uncanny sense of smell can sniff out nearby items.
Your experience applies equally to all skills.


Message History

The steam dragon is almost dead.
You are engulfed in a cloud of scalding steam.
* * * LOW HITPOINT WARNING * * *
The water moccasin barely misses you. The steam dragon barely misses you.
The steam dragon misses you. The water moccasin bites you.
* * * LOW HITPOINT WARNING * * *
The water moccasin attacks as you move away!
You block the water moccasin's attack.
The orc is engulfed in a cloud of scalding steam.
The steam dragon bites you but does no damage.
You block the steam dragon's attack.
You hit the steam dragon but do no damage.
The steam dragon is almost dead.
You block the water moccasin's attack. The steam dragon bites you.
* * * LOW HITPOINT WARNING * * *
The steam dragon claws you but does no damage.
You closely miss the steam dragon.
The steam dragon is almost dead.
The water moccasin closely misses you. The water moccasin bites you.
* * * LOW HITPOINT WARNING * * *
The orc misses you. The steam dragon barely misses you.
The steam dragon completely misses you.
You puncture the steam dragon!
You kill the steam dragon!
The steam dragon scales are intact enough to wear.
You block the water moccasin's attack. The orc hits you but does no damage.
Your Conjurations skill increases to level 3!
Your Hexes skill increases to level 3!
Your Summonings skill increases to level 3!
Your Necromancy skill increases to level 3!
Your Translocations skill increases to level 3!
Your Transmutations skill increases to level 3!
Your Fire Magic skill increases to level 3!
Your Ice Magic skill increases to level 3!
Your Air Magic skill increases to level 3!
Your Earth Magic skill increases to level 3!
Your Poison Magic skill increases to level 3!
Your Invocations skill increases to level 4!
The water moccasin bites you.
You die...

### #.#.....##
#####[####.##...##
#...............#
##.###.####......#
#...#### #####.##
#.#.# #+# #...#
###.###
####@#.####
#....So...#
#..........'..
#.........##..
#...........#
#.....#####..
#..##### ### #..
#.


You could see a water moccasin and an orc.

Vanquished Creatures
  Eustachio (D:5)
  A steam dragon (D:6)
  Menkaure (D:5)
  2 ogres
  A centaur (D:6)
  A phantom (D:5)
  3 scorpions
  2 jellies
  5 hounds
  An orc priest (D:4)
  2 iguanas
  An orc wizard (D:5)
  4 gnolls
  7 adders
  An ufetubus (D:4)
  A worm (D:4)
  3 dart slugs
  16 orcs
  4 ball pythons
  3 endoplasms
  3 giant cockroaches
  6 goblins
  5 hobgoblins
  3 jackals (D:2)
  2 quokkas (D:4)
  3 bats
  9 kobolds
  3 rats
  A lurking horror (D:6)
95 creatures vanquished.

Vanquished Creatures (others)
  2 plants (D:4)
2 creatures vanquished.

Grand Total: 97 creatures vanquished

Notes
Turn   | Place    | Note
-------+----------+-------------------------------------------
     0 | D:1      | 386 the Gnoll Fighter began the quest for the Orb.
     0 | D:1      | Reached XP level 1. HP: 23/23 MP: 1/1
   673 | D:1      | Reached XP level 2. HP: 29/29 MP: 2/2
   947 | D:2      | Reached XP level 3. HP: 31/35 MP: 3/3
  1071 | D:2      | Identified the ring "Hisinn" {rElec rC+ EV+4 Dex-3}
  1238 | D:2      | Reached skill level 1 in Invocations
  1482 | D:3      | Reached skill level 1 in Short Blades
  1482 | D:3      | Reached skill level 1 in Long Blades
  1482 | D:3      | Reached skill level 1 in Axes
  1482 | D:3      | Reached skill level 1 in Maces & Flails
  1482 | D:3      | Reached skill level 1 in Staves
  1482 | D:3      | Reached skill level 1 in Ranged Weapons
  1482 | D:3      | Reached skill level 1 in Throwing
  1482 | D:3      | Reached skill level 1 in Dodging
  1482 | D:3      | Reached skill level 1 in Stealth
  1482 | D:3      | Reached skill level 1 in Unarmed Combat
  1482 | D:3      | Reached skill level 1 in Spellcasting
  1482 | D:3      | Reached skill level 1 in Evocations
  1482 | D:3      | Reached XP level 4. HP: 32/41 MP: 5/5
  1810 | D:3      | Noticed a floating eye
  1817 | D:3      | Found a faded altar of an unknown god.
  1823 | D:3      | Noticed a golden eye
  1823 | D:3      | Noticed an eye of devastation
  1823 | D:3      | Noticed a shining eye
  1861 | D:3      | Found a radiant altar of Vehumet.
  1862 | D:3      | Noticed an ogre
  1899 | D:3      | Killed an ogre
  1900 | D:3      | Reached skill level 1 in Conjurations
  1900 | D:3      | Reached skill level 1 in Hexes
  1900 | D:3      | Reached skill level 1 in Summonings
  1900 | D:3      | Reached skill level 1 in Necromancy
  1900 | D:3      | Reached skill level 1 in Translocations
  1900 | D:3      | Reached skill level 1 in Transmutations
  1900 | D:3      | Reached skill level 1 in Fire Magic
  1900 | D:3      | Reached skill level 1 in Ice Magic
  1900 | D:3      | Reached skill level 1 in Air Magic
  1900 | D:3      | Reached skill level 1 in Earth Magic
  1900 | D:3      | Reached skill level 1 in Poison Magic
  1900 | D:3      | Reached XP level 5. HP: 47/47 MP: 5/7
  2128 | D:3      | Found a basalt altar of Yredelemnul.
  2298 | D:3      | Found a bloodstained altar of Trog.
  2541 | D:4      | Found a blossoming altar of Fedhas.
  2571 | D:4      | Found an opulent altar of Gozag.
  2613 | D:4      | Noticed Duvessa
  2613 | D:4      | Noticed Dowan
  2664 | D:3      | Reached XP level 6. HP: 38/53 MP: 8/8
  3165 | D:4      | Reached skill level 5 in Polearms
  3495 | D:4      | Reached XP level 7. HP: 47/59 MP: 10/10
  3687 | D:5      | Entered Level 5 of the Dungeon
  3687 | D:5      | Noticed Menkaure
  3852 | D:5      | Noticed Eustachio
  3932 | D:5      | Killed Menkaure
  4560 | D:5      | Killed Eustachio
  4561 | D:5      | Reached XP level 8. HP: 22/67 MP: 12/12
  4840 | D:5      | Found a staircase to the Ecumenical Temple.
  4849 | Temple   | Entered the Ecumenical Temple
  5007 | D:5      | Found a white marble altar of Elyvilon.
  5094 | D:5      | Found a sparkling altar of Nemelex Xobeh.
  5224 | D:5      | Found a sacrificial altar of Ru.
  5408 | D:6      | Found a snail-covered altar of Cheibriados.
  5477 | D:6      | Found a blossoming altar of Fedhas.
  5542 | D:6      | Found a corrupted altar of Lugonu.
  5543 | D:6      | Found a one-way gate to the infinite horrors of the Abyss.
  5780 | D:6      | Slain by a water moccasin

Illustrated notes

Levels and vault maps discovered:
D:1:      psy_arrival_whirlpool, layout_basic
D:2:      layout_basic, corexii_shack
D:3:      layout_loops_corners, nicolae_vehumet_altar_sigil,
          lightli_temple_of_fire, overflow_temple_1_default,
          hellmonk_ecumenical_altar_watching_god
D:4:      layout_cave_pools, grunt_gozag_statues, kennysheep_little_box,
          serial_forest, infiniplex_forest_end_2,
          infiniplex_forest_lined_room_2, infiniplex_forest_lined_3,
          infiniplex_forest_clump_double, infiniplex_forest_straight_3,
          infiniplex_forest_lined_2, uniq_duvessa
D:5:      layout_basic, nicolae_ru_path_of_blood,
          nemelex_xobeh_ov_fountains_minmay, mainiacjoe_overflow_alcove_1,
          minmay_temple_entry_trees, minivault_4, uniq_eustachio, uniq_menkaure
D:6:      layout_loops_corners, amcnicky_altar_gilded, kennysheep_slug_shrine,
          mainiacjoe_overflow_surrounded_room, grunt_dithmenos_smoke,
          hangedman_feature_mirror, amcnicky_altar_lugonu_corruption
Temple:   hellmonk_temple_beads

Skill      XL: |  1  2  3  4  5  6  7  8 |
---------------+-------------------------+-----
Invocations    | 1 2 3 4 |  4.0
Short Blades   | 1 2 3 |  3.6
Long Blades    | 1 2 3 |  3.6
Axes           | 1 2 3 |  3.6
Maces & Flails | 1 2 3 |  3.6
Staves         | 1 2 3 |  3.6
Ranged Weapons | 1 2 3 |  3.6
Throwing       | 1 2 3 |  3.6
Dodging        | 1 2 3 |  3.6
Stealth        | 1 2 3 |  3.6
Unarmed Combat | 1 2 3 |  3.6
Spellcasting   | 1 2 3 |  3.6
Evocations     | 1 2 3 |  3.6
Conjurations   | 1 2 3 |  3.0
Hexes          | 1 2 3 |  3.0
Summonings     | 1 2 3 |  3.0
Necromancy     | 1 2 3 |  3.0
Translocations | 1 2 3 |  3.0
Transmutations | 1 2 3 |  3.0
Fire Magic     | 1 2 3 |  3.0
Ice Magic      | 1 2 3 |  3.0
Air Magic      | 1 2 3 |  3.0
Earth Magic    | 1 2 3 |  3.0
Poison Magic   | 1 2 3 |  3.0
Polearms       | 5 |  5.9
Fighting       | 7 |  7.5
Armour         | 7 |  7.5
Shields        | 7 |  7.5

Action                   |  1- 3 |  4- 6 |  7- 9 || total
-------------------------+-------+-------+-------++-------
Melee: Trident           |    81 |   156 |   177 ||   414
       Bite              |     5 |    13 |    15 ||    33
Evoke: Wand              |       |     3 |       ||     3
  Use: Potion            |       |     1 |     1 ||     2
       Scroll            |       |       |     4 ||     4
Armor: Scale mail        |    25 |    43 |    56 ||   124
Dodge: Dodged            |    32 |    83 |   167 ||   282
Block: Buckler           |    21 |    45 |    65 ||   131
